 Dungeon Crawl Stone Soup version 0.31-a0-788-ga445dbd2db (webtiles) character file.

Game seed: 8351711387815470799

10684 IndexError the Fighter (level 11, -7/89 HPs)
             Began as a Djinni Fire Elementalist on Sept 11, 2023.
             Was an Elder of Makhleb.
             Killed by divine providence
             ... invoked by an orc priest
              (12 damage)
             ... on level 10 of the Dungeon on Sept 18, 2023.
             The game lasted 00:24:07 (11081 turns).

IndexError the Fighter (Djinni Fire Elementalist)  Turns: 11081, Time: 00:24:08

Health: -7/89      AC: 10    Str:  7    XL:     11   Next: 97%
Gold:   515        EV: 18    Int: 21    God:    Makhleb [****..] SH:  0 Dex: 20

rFire   + + .        F - +1 dagger (elec)
rCold   x . .        (no shield)
rNeg    . . .        c - +0 steam dragon scales
rPois   ∞            m - +2 helmet {SInv}
rElec   .            n - +0 cloak
rCorr   .            O - +0 pair of gloves
SInv    +            (boots unavailable)
Will    +....        j - amulet of the acrobat
Stlth   ++           o - +5 ring of evasion
HPRegen 0.34/turn    q - +6 ring of dexterity
MPRegen 0.00/turn

%: acrobat, infuse magic (-8 HP)
@: about to teleport, flying
A: sickness immunity, fire resistance 2, cold vulnerability 1, float, innate
caster, HP casting, extra vitality 1
a: Renounce Religion, Minor Destruction, Lesser Servant of Makhleb, Major
Destruction


You were on level 10 of the Dungeon.
You worshipped Makhleb.
Makhleb was greatly pleased with you.
You visited 1 branch of the dungeon, and saw 10 of its levels.

You collected 515 gold pieces.

Inventory:

Hand Weapons
 F - a +1 dagger of electrocution (weapon)
   (You took it off an orc on level 5 of the Dungeon)
 G - a +0 sling
   (You found it on level 5 of the Dungeon)
Missiles
 r - a curare-tipped dart
 L - a throwing net {=f, !d}
Armour
 c - +0 steam dragon scales (worn)
   (You found it on level 6 of the Dungeon)
 m - a +2 helmet of see invisible (worn)
   (You found it on level 2 of the Dungeon)
 n - a +0 cloak (worn)
   (You found it on level 3 of the Dungeon)
 s - a +2 ring mail of willpower
   (You found it on level 2 of the Dungeon)
 y - a +0 buckler
   (You found it on level 4 of the Dungeon)
 O - a +0 pair of gloves (worn)
   (You found it on level 10 of the Dungeon)
Jewellery
 a - a ring of positive energy {rN+}
   (You took it off an orc on level 8 of the Dungeon)
 j - an amulet of the acrobat (around neck)
   (You found it on level 9 of the Dungeon)
 o - a +5 ring of evasion (left hand)
   (You found it on level 3 of the Dungeon)
 q - a +6 ring of dexterity (right hand)
   (You found it on level 3 of the Dungeon)
Wands
 u - a wand of charming (21)
   (You took it off Ijyb on level 4 of the Dungeon)
 A - a wand of quicksilver (11)
   (You found it on level 5 of the Dungeon)
 E - a wand of mindburst (11)
   (You found it on level 6 of the Dungeon)
 H - a wand of digging (6)
   (You found it on level 8 of the Dungeon)
 J - a wand of polymorph (12)
   (You took it off Joseph on level 7 of the Dungeon)
 P - a wand of flame (12)
   (You took it off an orc on level 10 of the Dungeon)
Scrolls
 b - 3 scrolls of enchant weapon {unknown}
 g - a scroll of brand weapon
 i - 5 scrolls of teleportation
 k - 3 scrolls of noise {unknown}
 t - 2 scrolls of blinking {!r}
 v - 2 scrolls of fog
 B - a scroll of amnesia
 D - 2 scrolls of revelation
 I - 2 scrolls of poison
 N - a scroll of identify
Potions
 d - 5 potions of enlightenment {unknown}
 e - 3 potions of curing {unknown}
 f - 2 potions of attraction {unknown}
 h - a potion of berserk rage {unknown}
 l - a potion of heal wounds {unknown}
 p - 2 potions of mutation {unknown}
 w - 2 potions of ambrosia {unknown}
 x - 4 potions of lignification {unknown}
 z - a potion of magic {unknown}
 C - a potion of resistance {unknown}
 K - a potion of degeneration {unknown}
 M - a potion of might {unknown}


   Skills:
 - Level 12.0 Fighting
 - Level 2.1 Dodging
 - Level 1.5 Stealth
 + Level 2.7 Shields
 - Level 10.0 Spellcasting
 - Level 10.0 Conjurations
 - Level 10.0 Hexes
 - Level 10.0 Summonings
 - Level 10.0 Necromancy
 - Level 10.0 Translocations
 - Level 10.0 Transmutations
 - Level 10.0 Fire Magic
 - Level 10.0 Ice Magic
 - Level 10.0 Air Magic
 - Level 10.0 Earth Magic
 - Level 10.0 Poison Magic
 + Level 2.7 Invocations
 + Level 2.7 Evocations


You knew the following spells:

 Your Spells              Type           Power      Damage    Failure   Level
a - Foxfire               Conj/Fire      100%       2x1d9     1%          1
b - Scorch                Fire           100%       2d9       1%          2
c - Volatile Blastmotes   Fire/Tloc      100%       2d18      1%          3
d - Inner Flame           Hex/Fire       51%        N/A       1%          3
e - Flame Wave            Conj/Fire      51%        2d13      1%          4
f - Momentum Strike       Conj/Tloc      100%       3d10      1%          2
g - Hailstorm             Conj/Ice       51%        3d11      1%          3
h - Swiftness             Air            51%        N/A       1%          3
i - Agony                 Necr           51%        N/A       3%          5
s - Slow                  Hex            100%       N/A       1%          1
Your spell library was empty.

Dungeon Overview and Level Annotations

Branches:
Dungeon (10/15)            Temple (0/1) D:4            Lair (0/5) D:8
    Orc: D:9-12

Altars:
Hepliaklqana
Makhleb
Ru
Trog
Uskayaw
Wu Jian
Xom
Yredelemnul

Shops:
D:1 ?   D:6 !   D:7 [=

Annotations:
D:9 exclusion: necromancer


Innate Abilities, Weirdness & Mutations

You are immune to sickness and miasma.
You are immune to poison.
Your flesh is very heat resistant. (rF++)
You are vulnerable to cold. (rC-)
You float through the air rather than walking.
You learn spells naturally, not from books.
Your magical power is your life essence.
You have superior vitality. (+4 MHP)


Message History

The unseen horror hits you but does no damage.
An orc comes into view. It is wielding a +0 club.
The foxfire hits the unseen horror but does no damage.
You conjure some foxfire!
The foxfire hits the unseen horror.
The unseen horror hits you.
The orc priest invokes the aid of Beogh against you.
Beogh smites you!
A yak comes into view.
The foxfire hits the unseen horror.
A yak comes into view.
The yak bellows!
You take 17 damage, and have 70/89 hp.
You conjure some foxfire!
You hear a bellow! x2
The foxfire hits the unseen horror.
The unseen horror closely misses you. The orc priest misses you.
The foxfire hits the orc warrior.
A yak comes into view.
The foxfire hits the unseen horror.
You take 1 damage, and have 69/89 hp.
You conjure some foxfire!
The yak bellows!
The unseen horror hits you! The orc priest misses you.
You take 7 damage, and have 62/89 hp.
You conjure some foxfire!
The foxfire hits the unseen horror.
The unseen horror hits you but does no damage.
The foxfire hits the unseen horror. x2; The orc priest closely misses you.
The orc warrior hits you with a +0 scimitar!
You take 9 damage, and have 53/89 hp.
You are too injured to fight recklessly!
The foxfire hits the orc priest.
The unseen horror completely misses you.
The orc priest attacks as it pursues you!
The orc priest hits you with a +0 club.
You take 2 damage, and have 51/89 hp.
The unseen horror completely misses you.
The unseen horror completely misses you.
The orc priest invokes the aid of Beogh against you.
Beogh smites you!
You take 11 damage, and have 41/89 hp.
The unseen horror completely misses you.
The orc warrior completely misses you.
The orc priest invokes the aid of Beogh against you.
Beogh smites you!
You take 13 damage, and have 28/89 hp.
The unseen horror completely misses you.
Casting: Foxfire (safe; 1% risk of failure)
Confirm with . or Enter, or press ? or * to list all spells.
A cloud of volatile blastmotes flares up around you!
* * * LOW HITPOINT WARNING * * *
The orc warrior completely misses you.
You take 3 damage, and have 26/89 hp.
The cloud of blastmotes explodes!
The concussive blast engulfs the orc warrior!!
The concussive blast engulfs you. You resist.
* * * LOW HITPOINT WARNING * * *
You are knocked back by the blast.
You hear a shout!
You hear a bellow! x2; You hear a shout!
You take 5 damage, and have 21/89 hp.
The orc priest miscasts a cantrip.
The unseen horror hits you.
* * * LOW HITPOINT WARNING * * *
You take 1 damage, and have 22/89 hp.
Casting: Volatile Blastmotes (safe; 1% risk of failure)
Confirm with . or Enter, or press ? or * to list all spells.
A cloud of volatile blastmotes flares up around you!
* * * LOW HITPOINT WARNING * * *
The unseen horror barely misses you.
The orc priest calls upon Beogh to heal the orc warrior.
The orc warrior is healed somewhat.
The cloud of blastmotes explodes!
The concussive blast engulfs the orc warrior.
The concussive blast engulfs you. You resist.
* * * LOW HITPOINT WARNING * * *
You are knocked back by the blast.
You hear a bellow!
You take 8 damage, and have 14/89 hp.
Casting: Volatile Blastmotes (safe; 1% risk of failure)
Confirm with . or Enter, or press ? or * to list all spells.
A cloud of volatile blastmotes flares up around you!
* * * LOW HITPOINT WARNING * * *
The orc priest casts a cantrip, but nothing happens.
The cloud of blastmotes explodes!
The concussive blast engulfs the orc warrior!
Makhleb accepts your kill.
You feel better. The concussive blast engulfs you. You resist.
* * * LOW HITPOINT WARNING * * *
You are knocked back by the blast.
You take 6 damage, and have 8/89 hp.
Hit: F) +1 dagger (elec)
Press: ? - help, Dir - move target, f - unseen horror
Aim: an unseen horror (severely wounded, slightly transparent, about 28% to evade your +1 dagger of electrocution)
Okay, then.
As you read the scroll labelled JIXUEX QEFAMIDEOT, it crumbles to dust.
You feel strangely unstable.
It was a scroll of teleportation.
The unseen horror hits you but does no damage.
The unseen horror hits you.
* * * LOW HITPOINT WARNING * * *
The orc priest calls down the wrath of Beogh upon you.
Beogh smites you!
You die...

..................########..#
.................## #..#
######...........# #..### #
#......###..## #....### ##..#####
#...# ###....... #...# ##..#
###......... ####..##
#..####......##...
##......########............#####
.........Yo..).x@.......#...# #
##################....###...#
#......#...# #..........#####
#............... #.#.............
#..##.........##
♣#..##.........##
♣...........)...#


You could see a yak, an unseen horror (invisible) and an orc priest.

Vanquished Creatures
  3 death yaks
  A two-headed ogre (D:10)
  Joseph (D:7)
  Jeremiah (D:7)
  A troll (D:9)
  A polar bear (D:9)
  2 hornets
  A shadow (D:8)
  11 yaks
  3 wraiths
  An unseen horror simulacrum (D:9)
  2 steam dragons
  4 vampire mosquitoes (D:7)
  An acid dragon (D:10)
  A water moccasin (D:6)
  2 ice beasts
  A black bear (D:5)
  4 orc warriors
  A wolf (D:9)
  2 centaurs
  A phantom (D:5)
  2 kobold brigands
  A bullfrog (D:9)
  A gnoll sergeant (D:7)
  2 scorpions
  10 wights (D:6)
  6 killer bees (D:9)
  An electric eel (D:7)
  3 howler monkeys
  6 hounds
  2 jellies
  2 gnoll boudas
  Crazy Yiuf (D:4)
  Ijyb (D:4)
  5 orc priests
  2 sleepcaps
  4 iguanas
  Natasha (twice) (D:4)
  15 orc wizards
  11 gnolls
  15 adders
  5 white imps
  2 ufetubi
  A worm (D:2)
  3 dart slugs
  26 orcs
  7 ball pythons
  11 endoplasms
  2 giant cockroaches
  8 hobgoblins
  4 jackals (D:5)
  3 quokkas
  3 bats
  7 frilled lizards
  7 goblins
  12 kobolds
  5 rats
243 creatures vanquished.

Vanquished Creatures (collateral kills)
  12 foxfires (D:3)
12 creatures vanquished.

Vanquished Creatures (others)
  1133 foxfires
1133 creatures vanquished.

Grand Total: 1388 creatures vanquished

Notes
Turn   | Place    | Note
-------+----------+-------------------------------------------
     0 | D:1      | Reached skill level 3 in Spellcasting
     0 | D:1      | Reached skill level 3 in Conjurations
     0 | D:1      | Reached skill level 3 in Hexes
     0 | D:1      | Reached skill level 3 in Summonings
     0 | D:1      | Reached skill level 3 in Necromancy
     0 | D:1      | Reached skill level 3 in Translocations
     0 | D:1      | Reached skill level 3 in Transmutations
     0 | D:1      | Reached skill level 3 in Fire Magic
     0 | D:1      | Reached skill level 3 in Ice Magic
     0 | D:1      | Reached skill level 3 in Air Magic
     0 | D:1      | Reached skill level 3 in Earth Magic
     0 | D:1      | Reached skill level 3 in Poison Magic
     0 | D:1      | IndexError the Djinni Fire Elementalist began the quest for
                  | the Orb.
     0 | D:1      | IndexError set off with the following spells memorised:
                  | Foxfire, Scorch, Volatile Blastmotes, Inner Flame, Flame
                  | Wave.
     0 | D:1      | Reached XP level 1. HP: 15/15 MP: 0/0
   109 | D:1      | Upgraded the game from 0.31-a0-726-g3c93526463 to
                  | 0.31-a0-788-ga445dbd2db
   277 | D:1      | Reached XP level 2. HP: 18/22 MP: 0/0
   370 | D:1      | Reached skill level 1 in Fighting
   378 | D:1      | Found Loegaug's Magic Scroll Shop.
  1001 | D:2      | Reached XP level 3. HP: 15/27 MP: 0/0
  1001 | D:2      | Learned a level 1 spell: Slow
  1350 | D:2      | Reached skill level 2 in Fighting
  1382 | D:2      | Reached XP level 4. HP: 30/33 MP: 0/0
  1933 | D:3      | Reached XP level 5. HP: 37/39 MP: 0/0
  1933 | D:3      | Learned a level 2 spell: Momentum Strike
  1938 | D:3      | Reached skill level 3 in Fighting
  1940 | D:3      | Reached skill level 4 in Spellcasting
  1940 | D:3      | Reached skill level 4 in Conjurations
  1940 | D:3      | Reached skill level 4 in Hexes
  1940 | D:3      | Reached skill level 4 in Summonings
  1940 | D:3      | Reached skill level 4 in Necromancy
  1940 | D:3      | Reached skill level 4 in Translocations
  1940 | D:3      | Reached skill level 4 in Transmutations
  1940 | D:3      | Reached skill level 4 in Fire Magic
  1940 | D:3      | Reached skill level 4 in Ice Magic
  1940 | D:3      | Reached skill level 4 in Air Magic
  1940 | D:3      | Reached skill level 4 in Earth Magic
  1940 | D:3      | Reached skill level 4 in Poison Magic
  1990 | D:3      | Found a burning altar of Makhleb.
  2136 | D:3      | Found a bloodstained altar of Trog.
  2182 | D:3      | Became a worshipper of Makhleb the Destroyer
  2328 | D:3      | Reached XP level 6. HP: 44/46 MP: 0/0
  2570 | D:4      | Noticed Ijyb
  2576 | D:4      | Killed Ijyb
  2712 | D:4      | Found a runed translucent door.
  2713 | D:4      | Noticed Crazy Yiuf
  2753 | D:4      | Found a staircase to the Ecumenical Temple.
  2766 | D:4      | Reached skill level 4 in Fighting
  3147 | D:4      | Noticed Natasha
  3150 | D:4      | Killed Natasha
  3150 | D:4      | Reached * piety under Makhleb
  3400 | D:4      | Noticed Natasha
  3404 | D:4      | Killed Natasha
  3581 | D:4      | Killed Crazy Yiuf
  3582 | D:4      | Reached XP level 7. HP: 43/53 MP: 0/0
  3582 | D:4      | Learned a level 3 spell: Hailstorm
  3752 | D:5      | Entered Level 5 of the Dungeon
  4120 | D:5      | Reached skill level 5 in Fighting
  4144 | D:5      | Reached skill level 5 in Spellcasting
  4144 | D:5      | Reached skill level 5 in Conjurations
  4144 | D:5      | Reached skill level 5 in Hexes
  4144 | D:5      | Reached skill level 5 in Summonings
  4144 | D:5      | Reached skill level 5 in Necromancy
  4144 | D:5      | Reached skill level 5 in Translocations
  4144 | D:5      | Reached skill level 5 in Transmutations
  4144 | D:5      | Reached skill level 5 in Fire Magic
  4144 | D:5      | Reached skill level 5 in Ice Magic
  4144 | D:5      | Reached skill level 5 in Air Magic
  4144 | D:5      | Reached skill level 5 in Earth Magic
  4144 | D:5      | Reached skill level 5 in Poison Magic
  4243 | D:5      | Reached XP level 8. HP: 58/60 MP: 0/0
  4383 | D:5      | Found a hazy altar of Hepliaklqana.
  4402 | D:5      | Reached ** piety under Makhleb
  4435 | D:5      | Found a hide-covered altar of Uskayaw.
  4593 | D:6      | Reached skill level 6 in Fighting
  4634 | D:6      | Noticed a hornet
  4749 | D:6      | HP: 15/62 [wight/+0 morningstar (3)]
  4752 | D:6      | Reached skill level 6 in Spellcasting
  4752 | D:6      | Reached skill level 6 in Conjurations
  4752 | D:6      | Reached skill level 6 in Hexes
  4752 | D:6      | Reached skill level 6 in Summonings
  4752 | D:6      | Reached skill level 6 in Necromancy
  4752 | D:6      | Reached skill level 6 in Translocations
  4752 | D:6      | Reached skill level 6 in Transmutations
  4752 | D:6      | Reached skill level 6 in Fire Magic
  4752 | D:6      | Reached skill level 6 in Ice Magic
  4752 | D:6      | Reached skill level 6 in Air Magic
  4752 | D:6      | Reached skill level 6 in Earth Magic
  4752 | D:6      | Reached skill level 6 in Poison Magic
  4980 | D:5      | Reached skill level 7 in Fighting
  5180 | D:6      | Killed a hornet
  5181 | D:6      | Reached XP level 9. HP: 40/68 MP: 0/0
  5181 | D:6      | Learned a level 3 spell: Swiftness
  5465 | D:6      | Found Ewaczi's Distillery.
  5532 | D:6      | Reached skill level 8 in Fighting
  5667 | D:6      | Reached skill level 7 in Spellcasting
  5667 | D:6      | Reached skill level 7 in Conjurations
  5667 | D:6      | Reached skill level 7 in Hexes
  5667 | D:6      | Reached skill level 7 in Summonings
  5667 | D:6      | Reached skill level 7 in Necromancy
  5667 | D:6      | Reached skill level 7 in Translocations
  5667 | D:6      | Reached skill level 7 in Transmutations
  5667 | D:6      | Reached skill level 7 in Fire Magic
  5667 | D:6      | Reached skill level 7 in Ice Magic
  5667 | D:6      | Reached skill level 7 in Air Magic
  5667 | D:6      | Reached skill level 7 in Earth Magic
  5667 | D:6      | Reached skill level 7 in Poison Magic
  6051 | D:7      | Noticed Jeremiah
  6490 | D:8      | Reached skill level 9 in Fighting
  6491 | D:8      | Reached *** piety under Makhleb
  6529 | D:8      | Identified the +8 plate armour of Ennui {rN+ Dex+3 Slay-4
                  | SInv}
  6578 | D:8      | Reached XP level 10. HP: 75/78 MP: 0/0
  6633 | D:8      | Reached skill level 8 in Spellcasting
  6633 | D:8      | Reached skill level 8 in Conjurations
  6633 | D:8      | Reached skill level 8 in Hexes
  6633 | D:8      | Reached skill level 8 in Summonings
  6633 | D:8      | Reached skill level 8 in Necromancy
  6633 | D:8      | Reached skill level 8 in Translocations
  6633 | D:8      | Reached skill level 8 in Transmutations
  6633 | D:8      | Reached skill level 8 in Fire Magic
  6633 | D:8      | Reached skill level 8 in Ice Magic
  6633 | D:8      | Reached skill level 8 in Air Magic
  6633 | D:8      | Reached skill level 8 in Earth Magic
  6633 | D:8      | Reached skill level 8 in Poison Magic
  6639 | D:8      | Reached skill level 10 in Fighting
  6784 | D:8      | Noticed a death yak
  6784 | D:8      | Noticed a death yak
  6805 | D:8      | Killed a death yak
  6950 | D:8      | Noticed a death yak
  6992 | D:8      | HP: 6/81 [death yak (22)]
  6993 | D:8      | Killed a death yak
  7142 | D:8      | Noticed a death yak
  7216 | D:8      | Found a staircase to the Lair.
  7741 | D:7      | Reached skill level 11 in Fighting
  7741 | D:7      | Reached XP level 11. HP: 87/87 MP: 0/0
  7741 | D:7      | Learned a level 5 spell: Agony
  7757 | D:7      | Reached skill level 9 in Spellcasting
  7757 | D:7      | Reached skill level 9 in Conjurations
  7757 | D:7      | Reached skill level 9 in Hexes
  7757 | D:7      | Reached skill level 9 in Summonings
  7757 | D:7      | Reached skill level 9 in Necromancy
  7757 | D:7      | Reached skill level 9 in Translocations
  7757 | D:7      | Reached skill level 9 in Transmutations
  7757 | D:7      | Reached skill level 9 in Fire Magic
  7757 | D:7      | Reached skill level 9 in Ice Magic
  7757 | D:7      | Reached skill level 9 in Air Magic
  7757 | D:7      | Reached skill level 9 in Earth Magic
  7757 | D:7      | Reached skill level 9 in Poison Magic
  7945 | D:7      | Killed Jeremiah
  8008 | D:7      | Noticed Joseph
  8021 | D:7      | Killed Joseph
  8030 | D:7      | HP: 25/130 [cloud of flame (12)]
  8033 | D:7      | HP: 10/130 [cloud of flame (9)]
  8283 | D:7      | Found a sacrificial altar of Ru.
  8314 | D:7      | Found Guip's Jewellery Boutique.
  8327 | D:7      | Found Tuadyseu's Antique Armour Shoppe.
  8510 | D:7      | Found a basalt altar of Yredelemnul.
  8588 | D:7      | Found a shimmering altar of Xom.
  8967 | D:9      | Noticed a death yak
  9344 | D:9      | Reached **** piety under Makhleb
  9378 | D:9      | Reached skill level 12 in Fighting
  9577 | D:9      | Killed a death yak
  9578 | D:9      | Reached skill level 10 in Spellcasting
  9578 | D:9      | Reached skill level 10 in Conjurations
  9578 | D:9      | Reached skill level 10 in Hexes
  9578 | D:9      | Reached skill level 10 in Summonings
  9578 | D:9      | Reached skill level 10 in Necromancy
  9578 | D:9      | Reached skill level 10 in Translocations
  9578 | D:9      | Reached skill level 10 in Transmutations
  9578 | D:9      | Reached skill level 10 in Fire Magic
  9578 | D:9      | Reached skill level 10 in Ice Magic
  9578 | D:9      | Reached skill level 10 in Air Magic
  9578 | D:9      | Reached skill level 10 in Earth Magic
  9578 | D:9      | Reached skill level 10 in Poison Magic
  9594 | D:9      | Reached skill level 1 in Shields
  9594 | D:9      | Reached skill level 1 in Invocations
  9594 | D:9      | Reached skill level 1 in Evocations
  9993 | D:9      | Noticed a necromancer
 10044 | D:10     | Entered Level 10 of the Dungeon
 10106 | D:10     | Found an ornate altar of the Wu Jian Council.
 10702 | D:10     | Reached skill level 2 in Shields
 10702 | D:10     | Reached skill level 2 in Invocations
 10702 | D:10     | Reached skill level 2 in Evocations
 10827 | D:10     | Noticed a two-headed ogre
 10848 | D:10     | Killed a two-headed ogre
 11066 | D:10     | HP: 21/89 [shot self (6)]
 11073 | D:10     | HP: 22/89 [unseen horror (1)]
 11079 | D:10     | HP: 8/89 [shot self (6)]
 11081 | D:10     | Killed from afar by an orc priest

Illustrated notes

Levels and vault maps discovered:
D:1:      lightli_iron_boxes, layout_loops_corners, serial_shops,
          nicolae_shop_pleasant_corner_grove
D:2:      layout_basic, chequers_serial_rivers_micro_c
D:3:      layout_rooms, mainiacjoe_overflow_tiny_flanked,
          mainiacjoe_overflow_cross_hatched
D:4:      layout_loops_ring, minmay_temple_entry_fiery,
          minmay_goblin_kobold_house, uniq_ijyb, uniq_crazy_yiuf_cottage,
          uniq_natasha
D:5:      layout_rooms, mainiacjoe_overflow_alcove_2,
          nicolae_uskayaw_dance_hall, hangedman_decor_growths
D:6:      layout_cave_pools, serial_shops, shop,
          minmay_a_box_with_orc_wizards_in_it
D:7:      layout_cave_pools, lemuel_doored_altar, marbit_many_paths,
          mainiacjoe_overflow_surrounded_room, nicolae_wooded_promenade,
          chequers_jeans, hangedman_abyss_or_decor_slice, uniq_joseph,
          uniq_jeremiah
D:8:      layout_loops_ring, dpeg_lair_monsters, minmay_between
D:9:      layout_roguey, serial_ice, serial_ice_o, serial_ice_d, serial_ice_a,
          serial_ice_h, eino_house_with_fridge
D:10:     nzn_winding_woodlands_small [nzn_winding_woodlands_5x15_jagged,
          nzn_winding_woodlands_center_lodge, nzn_winding_woodlands_5x15_twine],
          layout_layer_cave, pdpol_wu_jian_five_deadly_venoms,
          nicolae_shop_overcharged_wands

Skill      XL: |  1  2  3  4  5  6  7  8  9 10 11 |
---------------+----------------------------------+-----
Spellcasting   | 4 5 6 7 8 10 | 10.0
Conjurations   | 4 5 6 7 8 10 | 10.0
Hexes          | 4 5 6 7 8 10 | 10.0
Summonings     | 4 5 6 7 8 10 | 10.0
Necromancy     | 4 5 6 7 8 10 | 10.0
Translocations | 4 5 6 7 8 10 | 10.0
Transmutations | 4 5 6 7 8 10 | 10.0
Fire Magic     | 4 5 6 7 8 10 | 10.0
Ice Magic      | 4 5 6 7 8 10 | 10.0
Air Magic      | 4 5 6 7 8 10 | 10.0
Earth Magic    | 4 5 6 7 8 10 | 10.0
Poison Magic   | 4 5 6 7 8 10 | 10.0
Fighting       | 1 2 3 4 5 7 9 11 12 | 12.0
Shields        | 2 |  2.7
Invocations    | 2 |  2.7
Evocations     | 2 |  2.7
Dodging        | |  2.1
Stealth        | |  1.5

Action                     |  1- 3 |  4- 6 |  7- 9 | 10-12 || total
---------------------------+-------+-------+-------+-------++-------
  Melee: Dagger            |       |     8 |     3 |     9 ||    20
   Cast: Foxfire           |    59 |   127 |   253 |   242 ||   681
         Scorch            |       |    15 |    32 |    38 ||    85
         Volatile Blastmot |       |     2 |     9 |    35 ||    46
         Inner Flame       |       |       |       |    18 ||    18
    Use: Scroll            |       |       |       |     7 ||     7
 Armour: Robe              |     3 |     7 |       |       ||    10
         Leather armour    |       |     2 |    19 |       ||    21
         Steam dragon scal |       |       |    19 |    84 ||   103
         Skin              |       |       |       |    19 ||    19
  Dodge: Dodged            |     4 |    30 |    55 |   110 ||   199

Table legend: (Time is in decaauts)
 A = Elapsed time spent in this place.
 B = Non-inter-level travel time spent in this place.
 C = Inter-level travel time spent in this place.
 D = Time resting spent in this place.
 E = Time spent auto-exploring this place.
 F = Levels seen in this place.
 G = Mean time per level.
                   A        B        C        D        E       F      G
               +--------+--------+--------+--------+--------+-----+--------+
         Total |  11094 |  10090 |   1004 |      0 |   8346 |  10 | 1109.4 |
       Dungeon |  11094 |  10090 |   1004 |      0 |   8346 |  10 | 1109.4 |
               +--------+--------+--------+--------+--------+-----+--------+

Top non-repeatable levels by time:
     D:8: 1426 daAuts
     D:9: 1383 daAuts
     D:4: 1293 daAuts
     D:6: 1259 daAuts
     D:5: 1242 daAuts
     D:1: 1084 daAuts
     D:7: 994 daAuts
    D:10: 978 daAuts
     D:2: 783 daAuts
     D:3: 648 daAuts

Levels and vault maps discovered:
D:1:      lightli_iron_boxes, layout_loops_corners, serial_shops,
          nicolae_shop_pleasant_corner_grove
D:2:      layout_basic, chequers_serial_rivers_micro_c
D:3:      layout_rooms, mainiacjoe_overflow_tiny_flanked,
          mainiacjoe_overflow_cross_hatched
D:4:      layout_loops_ring, minmay_temple_entry_fiery,
          minmay_goblin_kobold_house, uniq_ijyb, uniq_crazy_yiuf_cottage,
          uniq_natasha
D:5:      layout_rooms, mainiacjoe_overflow_alcove_2,
          nicolae_uskayaw_dance_hall, hangedman_decor_growths
D:6:      layout_cave_pools, serial_shops, shop,
          minmay_a_box_with_orc_wizards_in_it
D:7:      layout_cave_pools, lemuel_doored_altar, marbit_many_paths,
          mainiacjoe_overflow_surrounded_room, nicolae_wooded_promenade,
          chequers_jeans, hangedman_abyss_or_decor_slice, uniq_joseph,
          uniq_jeremiah
D:8:      layout_loops_ring, dpeg_lair_monsters, minmay_between
D:9:      layout_roguey, serial_ice, serial_ice_o, serial_ice_d, serial_ice_a,
          serial_ice_h, eino_house_with_fridge
D:10:     nzn_winding_woodlands_small [nzn_winding_woodlands_5x15_jagged,
          nzn_winding_woodlands_center_lodge, nzn_winding_woodlands_5x15_twine],
          layout_layer_cave, pdpol_wu_jian_five_deadly_venoms,
          nicolae_shop_overcharged_wands

Table legend: (Time is in decaauts)
 A = Elapsed time spent in this place.
 B = Non-inter-level travel time spent in this place.
 C = Inter-level travel time spent in this place.
 D = Time resting spent in this place.
 E = Time spent auto-exploring this place.
 F = Levels seen in this place.
 G = Mean time per level.
                   A        B        C        D        E       F      G
               +--------+--------+--------+--------+--------+-----+--------+
         Total |  11094 |  10090 |   1004 |      0 |   8346 |  10 | 1109.4 |
       Dungeon |  11094 |  10090 |   1004 |      0 |   8346 |  10 | 1109.4 |
               +--------+--------+--------+--------+--------+-----+--------+

Top non-repeatable levels by time:
     D:8: 1426 daAuts
     D:9: 1383 daAuts
     D:4: 1293 daAuts
     D:6: 1259 daAuts
     D:5: 1242 daAuts
     D:1: 1084 daAuts
     D:7: 994 daAuts
    D:10: 978 daAuts
     D:2: 783 daAuts
     D:3: 648 daAuts

Table legend:
 A = Kills in this place as a percentage of kills in the entire game.
 B = Kills by you in this place as a percentage of kills by you in the entire game.
 C = Kills by friends in this place as a percentage of kills by friends in the entire game.
 D = Other kills in this place as a percentage of other kills in the entire game.
 E = Experience gained in this place as a percentage of experience gained in the entire game.
 F = Experience gained in this place divided by the number of levels of this place that you have seen.
                   A       B       C       D       E      F
               +-------+-------+-------+-------+-------+----------------------
         Total | 100.0 | 100.0 |   N/A |   N/A | 100.0 | 1526.3
       Dungeon | 100.0 | 100.0 |   N/A |   N/A | 100.0 | 1526.3
               +-------+-------+-------+-------+-------+----------------------
